 Dungeon Crawl Stone Soup version 0.31-a0-851-g7ff8af7976 (webtiles) character file.

Game seed: 16592833826417003266

6717 Messyblue the Severer (level 10, -6/141 HPs)
             Began as a Minotaur Berserker on Oct 5, 2023.
             Was a High Priest of Trog.
             Mangled by a ten-headed hydra (11 damage)
             ... on level 9 of the Dungeon on Oct 6, 2023.
             The game lasted 00:47:50 (7836 turns).

Messyblue the Severer (Minotaur Berserker)          Turns: 7836, Time: 00:47:51

Health: -6/141     AC: 17    Str: 26    XL:     10   Next: 74%
Magic:  9/9        EV:  7    Int:  4    God:    Trog [*****.]
Gold:   275        SH:  5    Dex: 10    Spells: 9/9 levels left

rFire   + . .        N - +4 war axe
rCold   + . .        x - +2 buckler {rC+}
rNeg    + . .        b - +0 plate armour
rPois   .            u - +0 mask of the Dragon {Will+ Slay+3 SInv}
rElec   .            p - +1 cloak
rCorr   .            P - +1 pair of gloves
SInv    +            D - +1 pair of boots
Will    +....        n - amulet of faith Stlth
                     q - ring of protection from fire
HPRegen 0.43/turn    B - ring of positive energy
MPRegen 0.11/turn

%: faith
@: berserking, lethally poisoned (-6 -> -9), slowed, studying Shields
A: horns 2, retaliatory headbutt
a: Renounce Religion, Berserk, Trog's Hand, Brothers in Arms


You were on level 9 of the Dungeon.
You worshipped Trog.
Trog was extremely pleased with you.
You visited 1 branch of the dungeon, and saw 9 of its levels.

You collected 436 gold pieces.
You spent 161 gold pieces at shops.

Inventory:

Hand Weapons
 a - a +1 hand axe
 A - a +3 falchion of holy wrath
 K - a +1 heavy hand axe
 L - a +3 hand axe
 M - a +2 mace
 N - a +4 war axe (weapon)
 O - a +2 spear
Missiles
 e - 101 stones
 g - 27 poisoned darts
 o - 6 javelins
 v - a curare-tipped dart
 I - a throwing net
Armour
 b - a +0 plate armour (worn)
 d - a +0 ring mail
 p - a +1 cloak (worn)
 u - the +0 mask of the Dragon (worn) {Will+ Slay+3 SInv}
   (You found it on level 7 of the Dungeon)

   Slay+3:    It affects your accuracy & damage with ranged weapons and melee
   (+3).
   Will+:     It increases your willpower.
   SInv:      It lets you see invisible.
 x - a +2 buckler of cold resistance (worn)
 D - a +1 pair of boots (worn)
 P - a +1 pair of gloves (worn)
Jewellery
 n - an amulet of faith (around neck)
 q - a ring of protection from fire (left hand)
 r - a ring of see invisible
 B - a ring of positive energy (right hand)
 C - a ring of protection from cold
Wands
 z - a wand of flame (29)
 E - a wand of polymorph (8)
Scrolls
 l - 5 scrolls of identify
 m - a scroll of teleportation
 w - a scroll of enchant weapon
 y - 5 scrolls of fog
 G - a scroll of blinking {unknown}
Potions
 c - a potion of degeneration {unknown}
 f - a potion of ambrosia {unknown}
 h - a potion of mutation {unknown}
 i - a potion of lignification {unknown}
 j - a potion of berserk rage {unknown}
 k - 3 potions of heal wounds {unknown}
 s - a potion of brilliance {unknown}
 t - 2 potions of curing {unknown}
 F - a potion of might {unknown}
 H - a potion of magic
 J - 2 potions of enlightenment {unknown}


   Skills:
 + Level 10.7 Fighting
 + Level 16.8 Axes
 - Level 2.4 Armour
 - Level 2.2 Dodging


You had 9 spell levels left.
You didn't know any spells.
Your spell library was empty.

Dungeon Overview and Level Annotations

Branches:
Dungeon (9/15)             Temple (0/1) D:5
   Lair: D:8-11         Orc: D:9-12

Altars:
Fedhas

Shops:
D:6 [


Innate Abilities, Weirdness & Mutations

You have a pair of horns on your head.
You reflexively headbutt those who attack you in melee.


Message History

You barely miss the nine-headed hydra.
You feel sick.
The centaur shoots an arrow.
You block the arrow. The nine-headed hydra bites you.
You block the nine-headed hydra's attack.
The nine-headed hydra bites you but does no damage. x3
The nine-headed hydra bites you! The nine-headed hydra bites you. x2
The nine-headed hydra bites you but does no damage.
Okay, then.
You barely miss the nine-headed hydra.
The nine-headed hydra is lightly wounded.
You miss the kobold brigand.
You feel sick.
The centaur shoots an arrow.
The arrow barely misses you.
You block the nine-headed hydra's attack.
The nine-headed hydra barely misses you.
The nine-headed hydra bites you! x3
* * * LOW HITPOINT WARNING * * *
The nine-headed hydra bites you!
* * * LOW HITPOINT WARNING * * *
The nine-headed hydra bites you but does no damage. x3
You slash the kobold brigand!
Your headbutt misses the kobold brigand.
The kobold brigand is severely wounded.
You chop one of the nine-headed hydra's heads off!
The eight-headed hydra grows two more!
You slash the ten-headed hydra!
The centaur shoots an arrow.
The arrow hits you but does no damage. You block the kobold brigand's attack.
The ten-headed hydra bites you but does no damage.
The ten-headed hydra barely misses you. The ten-headed hydra bites you.
* * * LOW HITPOINT WARNING * * *
The ten-headed hydra bites you!
* * * LOW HITPOINT WARNING * * *
The ten-headed hydra bites you.
* * * LOW HITPOINT WARNING * * *
The ten-headed hydra bites you.
* * * LOW HITPOINT WARNING * * *
The ten-headed hydra bites you but does no damage.
You block the ten-headed hydra's attack.
The ten-headed hydra bites you but does no damage.
The ten-headed hydra bites you!
You die...

.c..........
#...........#
#...........#
oK##...........##
D.#.$o##........##
#....#.......[...##
##.........K......#
#.......K..@<.....#
..........)D)....###
...................#
....................
............[.......
.....####...#####...
.... ##.## ##. ...
### ##


You could see a ten-headed hydra, an orc warrior, a kobold brigand, a centaur
and a kobold.

Vanquished Creatures
  Gastronok (D:8)
  A tengu warrior (D:8)
  The ghost of elongatedgoose the Cleaver, a novice MiFi (D:7)
  2 wyverns (D:5)
  7 yaks
  2 steam dragons
  Menkaure (D:5)
  An acid dragon (D:7)
  A water moccasin (D:6)
  Duvessa (D:5)
  2 ice beasts (D:6)
  A sky beast (D:6)
  A black bear (D:5)
  An ogre (D:6)
  A centaur (D:6)
  2 kobold brigands
  6 bullfrogs
  2 scorpions
  4 wights (D:8)
  Dowan (D:5)
  2 howler monkeys
  5 orc priests
  4 hounds
  4 jellies
  Crazy Yiuf (D:5)
  A gnoll bouda (D:5)
  5 iguanas
  3 sleepcaps
  4 orc wizards
  7 gnolls
  8 adders
  2 shadow imps
  2 white imps (D:6)
  2 ufetubi
  3 dart slugs
  2 worms (D:2)
  34 orcs
  4 ball pythons
  6 endoplasms
  3 giant cockroaches
  8 goblins
  4 hobgoblins
  12 jackals
  3 quokkas
  5 bats
  3 frilled lizards (D:1)
  21 kobolds
  5 rats
202 creatures vanquished.

Vanquished Creatures (others)
  A kobold (D:8)
1 creature vanquished.

Grand Total: 203 creatures vanquished

Notes
Turn   | Place    | Note
-------+----------+-------------------------------------------
     0 | D:1      | Messyblue the Minotaur Berserker began the quest for the
                  | Orb.
     0 | D:1      | Reached XP level 1. HP: 19/19 MP: 0/0
    98 | D:1      | Reached skill level 4 in Axes
   112 | D:1      | Reached XP level 2. HP: 26/26 MP: 1/1
   183 | D:1      | Found a faded altar of an unknown god.
   477 | D:1      | Reached ** piety under Trog
   534 | D:1      | Reached skill level 5 in Axes
   607 | D:1      | Reached XP level 3. HP: 31/31 MP: 2/2
  1147 | D:2      | Reached XP level 4. HP: 39/39 MP: 3/3
  1179 | D:2      | Reached skill level 6 in Axes
  1841 | D:3      | Reached *** piety under Trog
  1847 | D:3      | Upgraded the game from 0.31-a0-848-gaac375c287 to
                  | 0.31-a0-851-g7ff8af7976
  1854 | D:3      | Reached XP level 5. HP: 43/45 MP: 4/4
  1856 | D:3      | Reached skill level 7 in Axes
  2696 | D:4      | Reached skill level 8 in Axes
  2697 | D:4      | Reached XP level 6. HP: 41/51 MP: 5/5
  3297 | D:5      | Entered Level 5 of the Dungeon
  3297 | D:5      | Noticed Menkaure
  3303 | D:5      | Killed Menkaure
  3304 | D:5      | Reached skill level 9 in Axes
  3309 | D:5      | Identified the +0 robe "Vefyed" {rElec rN++ Int+3 Dex-2}
  3423 | D:5      | Reached XP level 7. HP: 44/57 MP: 6/6
  3600 | D:5      | Reached skill level 10 in Axes
  3613 | D:5      | Noticed a wyvern
  3618 | D:5      | Killed a wyvern
  3639 | D:5      | Reached skill level 11 in Axes
  3938 | D:5      | Reached XP level 8. HP: 64/64 MP: 7/7
  4014 | D:5      | Found a staircase to the Ecumenical Temple.
  4113 | D:5      | Noticed Dowan
  4117 | D:5      | Noticed Duvessa
  4128 | D:5      | Reached skill level 12 in Axes
  4138 | D:5      | Killed Duvessa
  4159 | D:5      | Killed Dowan
  4159 | D:5      | Reached **** piety under Trog
  4402 | D:5      | Found a runed translucent door.
  4403 | D:5      | Noticed Crazy Yiuf
  4652 | D:5      | Killed Crazy Yiuf
  4756 | D:5      | Reached skill level 13 in Axes
  4995 | D:6      | Found Bosmiro's Armour Shop.
  5023 | D:6      | Bought a +1 pair of boots for 161 gold pieces
  5155 | D:6      | Reached skill level 14 in Axes
  5278 | D:6      | Reached XP level 9. HP: 64/71 MP: 8/8
  5410 | D:6      | Reached skill level 5 in Fighting
  5673 | D:6      | Found a blossoming altar of Fedhas.
  5881 | D:7      | Found the +0 mask of the Dragon {Will+ Slay+3 SInv}
  5905 | D:7      | Noticed elongatedgoose's ghost (novice MiFi)
  5931 | D:7      | Found a transporter.
  5939 | D:7      | Found a transporter.
  6538 | D:7      | Reached skill level 15 in Axes
  6545 | D:7      | Killed elongatedgoose's ghost
  6726 | D:8      | Noticed Gastronok
  6741 | D:8      | Killed Gastronok
  6742 | D:8      | Reached XP level 10. HP: 49/91 MP: 9/9
  6915 | D:8      | Reached skill level 16 in Axes
  6984 | D:8      | Reached ***** piety under Trog
  7077 | D:8      | Reached skill level 10 in Fighting
  7481 | D:9      | Noticed a tengu warrior
  7481 | D:9      | Noticed a two-headed ogre
  7482 | D:9      | Noticed an eight-headed hydra
  7801 | D:8      | Killed a tengu warrior
  7836 | D:9      | HP: 6/141 [ten-headed hydra (5)]
  7836 | D:9      | Mangled by a ten-headed hydra

Illustrated notes

Levels and vault maps discovered:
D:1:      lightli_arrival_lavapool, layout_loops_ring,
          shapermc_ecumenical_altar_flowoftime, nicolae_hexahallways
D:2:      layout_basic, roderic_lattice_a
D:3:      layout_loops_ring, saegor_snake_ambush
D:4:      layout_loops_ring
D:5:      layout_loops_corners, minmay_temple_entry_fiery,
          minmay_manual_monstrance, uniq_duvessa, uniq_crazy_yiuf_cottage,
          uniq_menkaure
D:6:      layout_basic, mainiacjoe_overflow_catwalk, serial_shops,
          nicolae_shop_tiny_statue_garden, minmay_strange_pillars
D:7:      layout_basic, gammafunk_ghost_arena, serial_curves, eino_curves_01,
          eino_curves_04
D:8:      layout_loops_cross, uniq_gastronok
D:9:      layout_cave_pods, general_overflow_altar, minmay_lair_entry_grove,
          minmay_ruined_shrine, uniq_psyche, uniq_jeremiah

Skill      XL: |  1  2  3  4  5  6  7  8  9 10 |
---------------+-------------------------------+-----
Axes           | 4 5 6 8 9 11 14 15 16 | 16.8
Fighting       | 4 9 10 | 10.7
Armour         | |  2.4
Dodging        | |  2.2

Action                     |  1- 3 |  4- 6 |  7- 9 | 10-12 || total
---------------------------+-------+-------+-------+-------++-------
  Melee: Hand axe          |    97 |   123 |   281 |    59 ||   560
         Headbutt          |    17 |    18 |    57 |    19 ||   111
         Punch             |       |       |     1 |     1 ||     2
         War axe           |       |       |       |    24 ||    24
 Invoke: Berserk           |       |     4 |     3 |     3 ||    10
         Trog's Hand       |       |     1 |     3 |     1 ||     5
    Use: Scroll            |       |     4 |     7 |       ||    11
 Armour: Animal skin       |    14 |       |       |       ||    14
         Ring mail         |     7 |       |       |       ||     7
         Plate armour      |    31 |   103 |   170 |    96 ||   400
  Dodge: Dodged            |    39 |    45 |    74 |    27 ||   185
  Block: Buckler           |       |       |       |    11 ||    11

Table legend: (Time is in decaauts)
 A = Elapsed time spent in this place.
 B = Non-inter-level travel time spent in this place.
 C = Inter-level travel time spent in this place.
 D = Time resting spent in this place.
 E = Time spent auto-exploring this place.
 F = Levels seen in this place.
 G = Mean time per level.
                   A        B        C        D        E       F      G
               +--------+--------+--------+--------+--------+-----+--------+
         Total |   7815 |   7434 |    381 |    615 |   5060 |   9 |  868.3 |
       Dungeon |   7815 |   7434 |    381 |    615 |   5060 |   9 |  868.3 |
               +--------+--------+--------+--------+--------+-----+--------+

Top non-repeatable levels by time:
     D:5: 1607 daAuts
     D:7: 989 daAuts
     D:2: 946 daAuts
     D:8: 939 daAuts
     D:6: 903 daAuts
     D:1: 890 daAuts
     D:3: 757 daAuts
     D:4: 741 daAuts
     D:9: 38 daAuts
